 Dungeon Sprint DCSS version 0.29.1-15-g9cfb28693d (webtiles) character file.

Game seed: 17709056907007780525

3451 Groucho the Ninja (level 9, -12/51 HPs)
             Began as a Felid Berserker on Mar 4, 2023.
             Was the Champion of Trog.
             Killed from afar by a deep elf annihilator (50 damage)
             ... with a poison arrow
             ... in the Dungeon (Sprint I: "Red Sonja").
             The game lasted 00:08:41 (3913 turns).

Groucho the Ninja (Felid Berserker)                 Turns: 3913, Time: 00:08:42

Health: -12/51     AC:  2    Str: 13    XL:     9   Next: 78%
Magic:  10/10      EV: 33    Int:  8    God:    Trog [******]
Gold:   1251       SH:  0    Dex: 21    Spells: 8/8 levels left
                                        Lives:  0   Deaths: 3

rFire   . . .      SeeInvis +     - Unarmed
rCold   . . .      Faith    .   (shield unavailable)
rNeg    . . .      Spirit   .   (body armour unavailable)
rPois   .          Reflect  .   (helmet unavailable)
rElec   .          Harm     .   (cloak unavailable)
rCorr   .          Rampage  .   (gloves unavailable)
Will    +....      NoTele   +   (boots unavailable)
Stlth   +++++.....              (no amulet)
HPRegen 0.17/turn               (no ring)
MPRegen 0.12/turn               (no ring)

@: lethally poisoned (-12 -> -32), very slow
A: very small, claws 1, fangs 3, see invisible, speed 1, shaggy fur 2, stealthy
paws, no weapons or thrown items, no armour, multi-lived
a: Renounce Religion, Berserk, Trog's Hand, Brothers in Arms


You were in the Dungeon.
You worshipped Trog.
Trog was exalted by your worship.
You visited 1 branch You collected 1341 gold pieces.
You spent 90 gold pieces at shops.

Inventory:

Jewellery
 l - a ring of resist corrosion
Wands
 g - a wand of polymorph (8)
 i - a wand of flame (6)
Scrolls
 f - 2 scrolls of immolation {unknown}
 j - 2 scrolls of enchant armour {unknown}
 n - a scroll of identify {unknown}
Potions
 c - a potion of haste
 d - 2 potions of magic
 e - a potion of berserk rage
 h - a potion of degeneration {unknown}
 k - a potion of brilliance {unknown}
 m - a potion of attraction {unknown}


   Skills:
 + Level 13.2 Fighting
 + Level 16.9 Dodging
 O Level 27 Stealth
 + Level 13.2 Unarmed Combat
 - Level 0.5 Invocations
 - Level 0.6 Evocations


You had 8 spell levels left.
You didn't know any spells.
Your spell library was empty.

Dungeon Overview and Level Annotations

Branches:
Dungeon (1/1)

Altars:
Cheibriados
Dithmenos
Elyvilon
Fedhas
Gozag
Hepliaklqana
Kikubaaqudgha
Makhleb
Nemelex Xobeh
Okawaru
Qazlal
Ru
Sif Muna
Trog
Uskayaw
Vehumet
Wu Jian
Xom
Yredelemnul
Zin
The Shining One
Jiyva
Lugonu

Shops:
D ???[:!(:*:!(*??[:

Annotations:
D Lernaean hydra


Innate Abilities, Weirdness & Mutations

You have sharp claws.
You have razor-sharp teeth.
You have supernaturally acute eyesight. (SInv)
You cover ground quickly. (Speed+)
You are covered in thick fur. (AC +2)
Your paws help you pounce on unaware monsters.
You are incapable of wielding weapons or throwing items.
You cannot wear armour.
You gain extra lives every three experience levels.


Message History

You are lethally poisoned!
You feel as though you will be slow longer.
The merfolk siren chants its luring song.
The hornet misses you.
The merfolk siren chants its luring song.
You miss the hornet.
* * * LOW HITPOINT WARNING * * *
You feel very sick. The hornet completely misses you. x2
The merfolk siren chants its luring song.
The hornet stings you!
You die...
You are more poisoned.
You feel as though you will be slow longer.
The hornet completely misses you.
You are now level 9!
You rejoin the land of the living...
Found 351 gold pieces.
Unknown command.
Unknown command.
Unknown command.
Unknown command.
You now have 1170 gold pieces (gained 27).
Unknown command.
You now have 1197 gold pieces (gained 27).
Unknown command.
You now have 1224 gold pieces (gained 27).
You now have 1251 gold pieces (gained 27).
You see here 27 gold pieces.
The 27-headed Lernaean hydra comes into view.
The deep elf annihilator casts a spell at you.
The bolt of lightning misses you. The bolt of lightning hits you!
There is an open door here.
You enter the shallow water.
Moving in this stuff is going to be slow.
The deep elf annihilator casts a spell at you.
The poison arrow hits you!!!
You are poisoned.
Ouch! That really hurt!
You die...

,,*,,*,###†#,~.m#,,,,,,,,,,,,*,*
,,,,,,,,,#.###..#,,,,,,,,,,,,*,*
,,,,,,,,,#C#.†y4#*,,,,,,,,,,**,*
,,,,,,####C#.##e##,,,,,,,,,,*,,*
*,,,###..).#^#~~~##,,,,,,,,**,,*
#####...####^#~~~~##,,,,,,**,,,*
..C...###^,..#~~~~~#***#***,,,,*
..#####,,,,####~~~~#~~~~~*,,,,,*
.**,,,,,,,,#$$#'@~~'~~D~~',,,,,*
**,,,^,,,,,#$.$##~~#~~~~~*~~~,,*
*^,,,,,,,,,#$...####**'#****~~~*
*****,^,,,,#$$$$#~~~~~~~~~~**~~*
~~~,*,^,,,,######*~~~~~~~~~~~~~*
*****,^,,,,+,,*,,',,,~~~~~~~*~~*
+,,,,,,^,,,*,,+,,*,,,,,,,,~~~*~*
********************************


You could see the 27-headed Lernaean hydra (asleep), a deep elf annihilator, a
hellwing and a hornet (wandering).

Vanquished Creatures
  A fire giant (D)
  A hydra (D)
  2 centaur warriors (D)
  Sonja (D)
  A deep troll (D)
  A lindwurm (D)
  An oklob plant (D)
  7 unseen horrors (D)
  2 kobold demonologists (D)
  3 hornets (D)
  A slime creature (D)
  Sigmund (D)
  A yak (D)
  13 hogs (D)
  2 redbacks (D)
  3 floating eyes (D)
  An ogre (D)
  7 necrophages (D)
  8 jellies (D)
  Ijyb (D)
58 creatures vanquished.

Vanquished Creatures (collateral kills)
  A fire giant (D)
  A gargoyle (D)
  4 demonic crawlers (D)
6 creatures vanquished.

Vanquished Creatures (others)
  2 ballistomycete spores (D)
2 creatures vanquished.

Grand Total: 66 creatures vanquished

Notes
Turn   | Place    | Note
-------+----------+-------------------------------------------
     0 | D        | Groucho the Felid Berserker began the quest for the Orb.
     0 | D        | Reached XP level 1. HP: 10/10 MP: 2/2
     2 | D        | Noticed Ijyb
    14 | D        | Killed Ijyb
    15 | D        | Reached skill level 7 in Stealth
    15 | D        | Reached XP level 2. HP: 13/14 MP: 3/3
   218 | D        | Noticed an ogre
   220 | D        | Killed an ogre
   221 | D        | Reached skill level 12 in Stealth
   221 | D        | Reached XP level 3. HP: 17/17 MP: 4/4
   221 | D        | Reached XP level 4. HP: 21/21 MP: 5/5
   233 | D        | Noticed Sigmund
   242 | D        | Killed Sigmund
   242 | D        | Reached ** piety under Trog
   243 | D        | Reached skill level 17 in Stealth
   243 | D        | Reached XP level 5. HP: 9/24 MP: 6/6
   243 | D        | Gained mutation: You are covered in thick fur. (AC +2)
                  | [Felid growth]
   243 | D        | Reached XP level 6. HP: 11/28 MP: 7/7
   640 | D        | Found a shimmering blue altar of Sif Muna.
   641 | D        | Found an ornate altar of the Wu Jian Council.
   642 | D        | Found a radiant altar of Vehumet.
  1068 | D        | Noticed Sonja
  1074 | D        | Slain by Sonja
  1075 | D        | Reached XP level 5. HP: -1/36 MP: 6/6
  1078 | D        | Noticed a centaur warrior
  1080 | D        | Noticed a centaur warrior
  1081 | D        | Killed a centaur warrior
  1082 | D        | Reached skill level 19 in Stealth
  1082 | D        | Reached XP level 6. HP: 31/31 MP: 7/7
  1082 | D        | Reached XP level 7. HP: 34/34 MP: 8/8
  1082 | D        | Killed a centaur warrior
  1083 | D        | Reached skill level 20 in Stealth
  1083 | D        | Reached XP level 8. HP: 40/40 MP: 9/9
  1161 | D        | Noticed a hornet
  1167 | D        | Killed Sonja
  1167 | D        | Reached *** piety under Trog
  1168 | D        | Reached skill level 10 in Dodging
  1168 | D        | Reached skill level 21 in Stealth
  1417 | D        | Killed a hornet
  1418 | D        | Reached XP level 9. HP: 44/44 MP: 10/10
  1429 | D        | Noticed an oklob plant
  1434 | D        | Killed an oklob plant
  1435 | D        | Reached skill level 22 in Stealth
  1662 | D        | Reached **** piety under Trog
  1682 | D        | Noticed an unseen horror
  1682 | D        | Noticed an unseen horror
  1688 | D        | Killed an unseen horror
  1690 | D        | Killed an unseen horror
  1691 | D        | Reached skill level 23 in Stealth
  1722 | D        | Reached ***** piety under Trog
  2245 | D        | Reached ****** piety under Trog
  2249 | D        | Reached XP level 10. HP: 50/50 MP: 11/11
  2267 | D        | Found Musay's Antique Armour Shoppe.
  2267 | D        | Found Tahip's Magic Scroll Shop.
  2267 | D        | Found Qaleesm's Book Boutique.
  2269 | D        | Found Xiojiatyuz's Distillery.
  2269 | D        | Found Rymoovoew's Antique Weapon Shop.
  2269 | D        | Found Nual's Book Shoppe.
  2269 | D        | Found Atukis's General Store.
  2269 | D        | Found Codur's Book Emporium.
  2269 | D        | Found Kobrini's Distillery.
  2269 | D        | Found Waokhaf's Weapon Shoppe.
  2273 | D        | Found Voav's General Store.
  2274 | D        | Found Nuzu's Magic Scroll Emporium.
  2274 | D        | Found Suulurgh's Magic Scroll Boutique.
  2275 | D        | Found Leynaypp's Book Emporium.
  2286 | D        | Bought a scroll of magic mapping for 90 gold pieces
  2318 | D        | Noticed a deep troll
  2336 | D        | Killed a deep troll
  2337 | D        | Reached skill level 10 in Fighting
  2337 | D        | Reached skill level 24 in Stealth
  2337 | D        | Reached skill level 10 in Unarmed Combat
  2342 | D        | Found Doem Mem's Armour Emporium.
  2627 | D        | Found Xyupnifo's Magic Scroll Boutique.
  2651 | D        | Found Syfeshrau's Magic Scroll Emporium.
  2651 | D        | Found an ancient bone altar of Kikubaaqudgha.
  2651 | D        | Found a hazy altar of Hepliaklqana.
  2651 | D        | Found a stormy altar of Qazlal.
  2651 | D        | Found a hide-covered altar of Uskayaw.
  2651 | D        | Found a blossoming altar of Fedhas.
  2651 | D        | Found a bloodstained altar of Trog.
  2651 | D        | Found an iron altar of Okawaru.
  2651 | D        | Found a basalt altar of Yredelemnul.
  2651 | D        | Found a glowing golden altar of the Shining One.
  2651 | D        | Found a snail-covered altar of Cheibriados.
  2651 | D        | Found a sacrificial altar of Ru.
  2651 | D        | Found a glowing silver altar of Zin.
  2651 | D        | Found a shadowy altar of Dithmenos.
  2651 | D        | Found a white marble altar of Elyvilon.
  2659 | D        | Found an opulent altar of Gozag.
  2660 | D        | Found a sparkling altar of Nemelex Xobeh.
  3029 | D        | Found a burning altar of Makhleb.
  3029 | D        | Found a shimmering altar of Xom.
  3030 | D        | Found a viscous altar of Jiyva.
  3030 | D        | Found a corrupted altar of Lugonu.
  3068 | D        | Reached skill level 25 in Stealth
  3069 | D        | Noticed a gargoyle
  3072 | D        | Killed a gargoyle
  3130 | D        | Noticed a lindwurm
  3134 | D        | Killed a lindwurm
  3156 | D        | Reached XP level 11. HP: 36/55 MP: 12/12
  3164 | D        | Reached skill level 26 in Stealth
  3195 | D        | Reached skill level 15 in Dodging
  3222 | D        | Noticed a 12-headed hydra
  3224 | D        | Killed a 12-headed hydra
  3656 | D        | Noticed a daeva
  3802 | D        | Reached skill level 27 in Stealth
  3843 | D        | Noticed a fire giant
  3846 | D        | Noticed a fire giant
  3847 | D        | Noticed a fire giant
  3848 | D        | Noticed a fire giant
  3850 | D        | Killed a fire giant
  3866 | D        | Killed a fire giant
  3888 | D        | Killed from afar by a fire giant
  3889 | D        | Reached XP level 10. HP: -26/55 MP: 11/11
  3892 | D        | Noticed a merfolk siren
  3892 | D        | Noticed a deep elf annihilator
  3892 | D        | Noticed a merfolk siren
  3892 | D        | Found the +3 greatsling "Punk" {acid, rCorr}
  3901 | D        | Slain by a hornet
  3902 | D        | Reached XP level 9. HP: -5/51 MP: 10/10
  3912 | D        | Noticed the 27-headed Lernaean hydra
  3913 | D        | Killed from afar by a deep elf annihilator

Illustrated notes

Levels and vault maps discovered:
D:        dungeon_sprint_1 [red_sonja_temple_1, red_sonja_temple_small_1]

Skill      XL: |  1  2  3  4  5  6  7  8  9 10 11 |
---------------+----------------------------------+-----
Stealth        | 7 12 17 19 20 21 23 25 27 | 27.0
Fighting       | 6 7 8 9 11 13 | 13.2
Dodging        | 8 9 10 12 14 16 | 16.9
Unarmed Combat | 6 7 8 9 11 13 | 13.2
Invocations    | |  0.5
Evocations     | |  0.6

Action                   |  1- 3 |  4- 6 |  7- 9 | 10-12 || total
-------------------------+-------+-------+-------+-------++-------
Melee: Unarmed           |    10 |    15 |    51 |   109 ||   185
       Bite              |       |       |     5 |    17 ||    22
       Punch             |       |       |     4 |     8 ||    12
Invok: Berserk           |     1 |     2 |     3 |     2 ||     8
       Trog's Hand       |       |     1 |     1 |     4 ||     6
       Brothers in Arms  |       |       |       |     4 ||     4
  Use: Scroll            |       |     1 |       |     1 ||     2
       Potion            |       |       |       |     5 ||     5
 Stab: Sleeping          |     1 |     1 |    11 |    12 ||    25
Armor: Skin              |       |       |     3 |     1 ||     4
Dodge: Dodged            |     5 |    10 |    57 |   129 ||   201
